 Dungeon Crawl Stone Soup version 0.25-a0-420-g1cc7eeb0d1 (webtiles) character file.

Game seed: 5103464506071733425, levelgen mode: deterministic

0 MrRokkomies the Ducker (level 1, -2/11 HPs)
             Began as a Spriggan Abyssal Knight on Jan 19, 2020.
             Was a Follower of Lugonu.
             Slain by a small abomination (10 damage)
             ... on level 2 of the Abyss.
             The game lasted 00:01:32 (222 turns).

MrRokkomies the Ducker (Spriggan Abyssal Knight)     Turns: 222, Time: 00:01:32

Health: -2/11      AC:  2    Str:  8    XL:     1   Next: 0%
Magic:  3/3        EV: 18    Int: 13    God:    Lugonu [*.....]
Gold:   0          SH:  0    Dex: 15    Spells: 0/0 levels left

rFire    . . .     SeeInvis +   a - +1 short sword
rCold    . . .     Gourm    .   (shield restricted)
rNeg     . . .     Faith    .   b - +0 robe
rPois    .         Spirit   .   (helmet restricted)
rElec    .         Reflect  .   (no cloak)
rCorr    .         Harm     .   (gloves unavailable)
MR       .....                  (boots unavailable)
Stlth    +.........             (no amulet)
HPRegen  0.03/turn              (no ring)
MPRegen  0.08/turn              (no ring)

@: very quick
A: very small, unfitting armour, see invisible, herbivore, speed 3, slow
metabolism 2
a: Depart the Abyss, Renounce Religion


You were on level 2 of the Abyss.
You worshipped Lugonu.
Lugonu was aware of your devotion.
You were not hungry.

You visited 0 branches of the dungeon, and saw 0 of its levels.
You visited the Abyss 1 time.

Inventory:

Hand Weapons
 a - a +1 short sword (weapon)
Armour
 b - a +0 robe (worn)
Scrolls
 d - a scroll of identify {unknown}
Comestibles
 c - a ration


   Skills:
 + Level 2.4 Fighting
 + Level 2.1 Short Blades
 + Level 3.5 Dodging
 + Level 1.7 Invocations


You couldn't memorise any spells.
You didn't know any spells.
Your spell library was empty.

Dungeon Overview and Level Annotations

Branches:
Dungeon (0/15)

Altars:


Innate Abilities, Weirdness & Mutations

You are very small and have problems with some larger weapons.
You are too small for most types of armour.
You have supernaturally acute eyesight. (SInv)
You are a herbivore.
You cover ground extremely quickly.
You need to consume almost no food.


Message History

The lurking horror explodes!
Your body is wracked with pain!
A large abomination comes into view.
Found a gateway leading deeper into the Abyss.
There is a gateway leading deeper into the Abyss here.
You plunge deeper into the Abyss.
A tentacled starspawn is nearby!
A tentacled starspawn is nearby!
A tentacle flies out from the starspawn's body!
A starspawn tentacle comes into view.
A starspawn tentacle comes into view.
Found a scroll labeled NYGOQOGEIB.
d - a scroll labeled NYGOQOGEIB You feel yourself growing ill in the presence of the ancient zyme.
A small abomination comes into view.
Found a scroll labeled VEAKKE JUDO.
A wretched star comes into view.
The small abomination hits you!
Ouch! That really hurt!
You die...

##.##.........#.#
#. ..... # .#...#
#. ##..###.#.#.##
.... #.#.####...#
.###. #...
..#..#.# . ..#.##
.###.## ###.#...
##..## .
#....#x.#
#......@#
..?.....#
.#.##.... ..
#.#.## . .....
#.#*.# .. ...
#.....#


You could see a wretched star and a small abomination.

Vanquished Creatures (others)
  A lurking horror (Abyss:1)
  2 starspawn tentacles (Abyss:2)
3 creatures vanquished.

Notes
Turn   | Place    | Note
-------+----------+-------------------------------------------
     0 | Abyss:1  | MrRokkomies the Spriggan Abyssal Knight began the quest for
                  | the Orb.
     0 | Abyss:1  | Reached XP level 1. HP: 11/11 MP: 3/3
    45 | Abyss:1  | Found a corrupted altar of Lugonu.
   150 | Abyss:1  | Noticed a large abomination
   175 | Abyss:2  | Noticed a tentacled starspawn
   207 | Abyss:2  | Noticed an ancient zyme
   219 | Abyss:2  | Noticed a small abomination
   221 | Abyss:2  | Noticed a wretched star
   222 | Abyss:2  | Slain by a small abomination

Levels and vault maps discovered:
Abyss:2

Table legend:
 A = Non-vault XP
 B = Vault XP
 C = Vault XP percentage of total XP
 D = Non-vault monster count
 E = Vault monster count
 F = Vault count percentage of total count
                 A         B        C        D         E       F
            +---------+---------+-------+---------+---------+-------
      Total |       0 |       0 |   N/A |       0 |       0 |  -nan
            +---------+---------+-------+---------+---------+-------
            +---------+---------+-------+---------+---------+-------
